 Dungeon Crawl Stone Soup version 0.23-a0-404-g0063841 (webtiles) character file.

42842 JklonkHD the Protected (level 13, -2/123 HPs)
             Began as a Minotaur Berserker on Nov 5, 2018.
             Was the Champion of Trog.
             Shot with an arrow by a centaur warrior (9 damage)
             ... on level 15 of the Dungeon.
             The game lasted 01:33:59 (13693 turns).

JklonkHD the Protected (Minotaur Berserker)        Turns: 13693, Time: 01:34:00

Health: -2/123     AC: 11    Str: 42    XL:     13   Next: 87%
Magic:  12/12      EV: 23    Int:  4    God:    Trog [******]
Gold:   1156       SH:  5    Dex: 12    Spells: 12/12 levels left

rFire    + . .     SeeInvis .   B - +8 rapier of Joyful Slaughter {flame, MR+ Str+4}
rCold    . . .     Gourm    .   u - +2 buckler
rNeg     . . .     Faith    .   E - +2 robe of Eternity {Str+9 Dex+2}
rPois    .         Spirit   .   (helmet unavailable)
rElec    .         Reflect  .   (no cloak)
rCorr    .         Harm     +   G - +1 pair of gloves
MR       +....                  r - +2 pair of boots {Stlth+}
Stlth    +++.......             Y - amulet of harm
HPRegen  0.30/turn              H - +5 ring of evasion
MPRegen  0.13/turn              s - ring of protection from fire

@: berserk cooldown, slowed, very slow
A: retaliatory headbutt, horns 3, camouflage 1, strong 1, MP-powered wands
a: Berserk, Trog's Hand, Brothers in Arms, Renounce Religion


You were on level 15 of the Dungeon.
You worshipped Trog.
Trog was exalted by your worship.
You were very full.

You visited 1 branch of the dungeon, and saw 15 of its levels.
You also visited: Labyrinth and Sewer.

You collected 1156 gold pieces.

Inventory:

Hand Weapons
 g - a +2 lajatang of electrocution
 m - the +8 frozen axe "Frostbite" {freezing cloud, *Noise +Fly rC+}
   (You took it off a frost giant on level 14 of the Dungeon)

   It has been specially enchanted to freeze those struck by it, causing extra
   injury to most foes and up to half again as much damage against particularly
   susceptible opponents.
   It can also slow down cold-blooded creatures.
   It protects you from cold.
   It lets you fly.
   It may make noises in combat.
 x - a +0 spear
 y - a +1 flail of holy wrath
 z - a +1 flail of protection
 B - the +8 rapier of Joyful Slaughter (weapon) {flame, MR+ Str+4}
   (You found it on level 5 of the Dungeon)

   It has been specially enchanted to burn those struck by it, causing extra
   injury to most foes and up to half again as much damage against particularly
   susceptible opponents.
   It affects your strength (+4).
   It affects your resistance to hostile enchantments.
 N - a +9 quick blade
 P - a +2 demon blade of draining
Armour
 h - the +7 ring mail of Quantum Leap {Int+4}
   (You found it on level 13 of the Dungeon)

   It affects your intelligence (+4).
 r - a +2 pair of boots of stealth (worn)
 u - a +2 buckler (worn)
 E - the +2 robe of Eternity (worn) {Str+9 Dex+2}
   (You found it on level 6 of the Dungeon)

   It affects your strength (+9).
   It affects your dexterity (+2).
 G - a +1 pair of gloves (worn)
 Q - a +2 hat
 S - the +4 scale mail of Oblivion {*Slow rPois Int+2}
   (You found it on level 11 of the Dungeon)

   It affects your intelligence (+2).
   It protects you from poison.
   It may slow you when you take damage.
 V - a +1 hat of intelligence
 W - the +0 pair of boots of Imperfection {*Contam SInv Stlth+}
   (You found it on level 14 of the Dungeon)

   It lets you see invisible.
   It causes magical contamination when unequipped.
   It makes you more stealthy.
Magical Staves
 v - an uncursed staff of cold
Jewellery
 l - the amulet of Sibaorapn {rF+ rC++ Regen+ Str-5 Dex-3}
   (You acquired it on level 13 of the Dungeon)

   [amulet of regeneration]

   It affects your strength (-5).
   It affects your dexterity (-3).
   It protects you from fire.
   It greatly protects you from cold.
   It increases your rate of regeneration.
 s - a ring of protection from fire (right hand)
 w - an uncursed ring of flight
 D - an uncursed amulet of the gourmand
 H - a +5 ring of evasion (left hand)
 Y - an amulet of harm (around neck)
Wands
 f - a wand of acid (8)
 p - a wand of flame (33)
 L - a wand of digging (4)
 O - a wand of disintegration (12)
 T - a wand of random effects (39)
 U - a wand of iceblast (15)
Scrolls
 b - 3 scrolls of identify
 d - a scroll of fog
 e - 5 scrolls of random uselessness
 i - 2 scrolls of teleportation
 k - 8 scrolls of amnesia
 n - 3 scrolls of magic mapping
 o - 7 scrolls of remove curse
 A - 2 scrolls of immolation
 R - a scroll of silence
Potions
 j - 2 potions of brilliance
 t - 3 potions of flight
 I - 2 potions of magic
 M - 2 potions of berserk rage
 X - a potion of might {unknown}
Miscellaneous
 J - a phial of floods
Comestibles
 c - 25 rations


   Skills:
 + Level 13.7 Fighting
 + Level 13.2 Short Blades
 - Level 7.6 Maces & Flails
 + Level 14.0 Armour
 + Level 12.6 Dodging
 - Level 0.4 Stealth


You had 12 spell levels left.
You didn't know any spells.
Your spell library contained the following spells:

 Spells                   Type           Power        Failure   Level  Hunger
 Confusing Touch          Hex            #.....       67%         1    ##.....
 Corona                   Hex            #......      67%         1    ##.....
 Passwall                 Tmut/Erth      #.......     82%         2    ###....
 Poisonous Vapours        Pois/Air       #.....       82%         2    ###....
 Slow                     Hex            #.......     82%         2    ###....
 Swiftness                Chrm/Air       #.......     82%         2    ###....
 Confuse                  Hex            #.......     96%         3    ####...
 Conjure Flame            Conj/Fire      #.......     96%         3    ####...
 Gell's Gravitas          Tloc           #.........   96%         3    ####...
 Inner Flame              Hex/Fire       #.......     96%         3    ####...
 Mephitic Cloud           Conj/Pois/Air  #.......     96%         3    ####...
 Portal Projectile        Hex/Tloc       #.....       96%         3    ####...
 Cause Fear               Hex            #.........   100%        4    #####..
 Ice Form                 Ice/Tmut       #.......     100%        4    #####..
 Leda's Liquefaction      Hex/Erth       #.........   100%        4    #####..
 Passage of Golubria      Tloc           N/A          100%        4    #####..
 Petrify                  Tmut/Erth      #.......     100%        4    #####..
 Lee's Rapid Deconstruct  Erth           #.........   100%        5    ######.
 Metabolic Englaciation   Hex/Ice        #.........   100%        5    ######.
 Yara's Violent Unravell  Hex/Tmut       #.........   100%        5    ######.
 Bolt of Cold             Conj/Ice       #.........   100%        6    #######
 Darkness                 Hex            #.........   100%        6    #######
 Freezing Cloud           Conj/Ice/Air   #.........   100%        6    #######
 Invisibility             Hex            #.......     100%        6    #######
 Ozocubu's Refrigeration  Ice            #.........   100%        6    #######
 Simulacrum               Ice/Necr       #.........   100%        6    #######
 Ring of Flames           Chrm/Fire      #.........   100%        7    #######


Dungeon Overview and Level Annotations

Branches:
Dungeon (15/15)            Temple (0/1) D:6            Lair (0/6) D:8
    Orc (0/2) D:10         Vaults (0/5) D:14         Depths (0/5) D:15

Altars:
Ashenzari
Dithmenos
Elyvilon
Hepliaklqana
Makhleb
Nemelex Xobeh
Okawaru
Qazlal
Trog
Vehumet
Wu Jian
Xom
Zin
The Shining One

Shops:
D:11 [


Innate Abilities, Weirdness & Mutations

You reflexively headbutt those who attack you in melee.
You have a pair of large horns on your head.
Your skin changes colour to match your surroundings (Stealth+).
Your muscles are strong. (Str +2)
You expend magic power (3 MP) to strengthen your wands.


Message History

a +0 dagger; a cursed +0 robe; a human corpse The centaur warrior wields a +0 shortbow.
The centaur warrior shoots an arrow.
The arrow hits you!
* * * LOW HITPOINT WARNING * * *
Things that are here:
an arrow; a large rock; a glowing short sword {god gift}
Okay, then.
The centaur warrior shoots an arrow.
You block the arrow.
You see here an arrow.
Wear which item? (? for menu, Esc to quit)
The centaur warrior shouts!
The centaur warrior wields a +0 longbow.
The centaur warrior shoots an arrow.
Keep disrobing?
Uppercase [Y]es or [N]o only, please.
Keep disrobing?
The arrow barely misses you.
The centaur warrior shoots an arrow.
The arrow barely misses you.
The arrow hits the withered plant!
The centaur warrior shoots an arrow.
The arrow hits you!
You die...

.............
.c.c..P.P..$##
.8......%....#
88..c....P%..#
.8.....P.....#
.....P...(...#
..P....)8..P.#
.u...>.)(.P..#
........(@...#
..........P..#
.................
.P...P8.....####.#
.8..P......##
.8.P......##
...........
.########.


You could see 2 centaur warriors.

Vanquished Creatures
  A frost giant (D:14)
  A minotaur (Lab)
  2 vault guards (D:14)
  A hydra (D:11)
  4 centaur warriors
  5 two-headed ogres
  A tengu warrior (D:14)
  A titan zombie (D:15)
  2 unseen horrors (D:13)
  A skeletal warrior (D:15)
  A wizard (D:14)
  A golden dragon zombie (D:15)
  3 necromancers
  A phantasmal warrior (D:15)
  A frost giant zombie (D:15)
  4 ugly things
  3 cyclopes
  A manticore (D:14)
  Joseph (D:7)
  2 centaur skeletons
  2 gargoyles
  A kobold demonologist (D:14)
  2 komodo dragons
  4 rime drakes (D:14)
  A tengu conjurer (D:14)
  A guardian mummy (D:15)
  2 polar bears (D:14)
  3 hornets
  A troll (D:9)
  3 meliai (D:13)
  Prince Ribbit (D:5)
  Grinder (D:3)
  3 slime creatures (D:14)
  4 hippogriffs
  A meliai zombie (D:13)
  4 shadows
  Sigmund (D:6)
  An ettin skeleton (D:15)
  A spriggan (D:7)
  11 yaks
  2 wraiths
  20 humans (D:14)
  19 vampire mosquitoes
  A hungry ghost (D:10)
  A warg (D:10)
  An acid dragon (D:11)
  4 porcupines (D:8)
  Duvessa (D:6)
  A black bear (D:8)
  3 ice beasts
  5 sky beasts
  A phantom (D:12)
  4 orc warriors
  6 ogres
  A necrophage (D:8)
  12 centaurs
  4 big kobolds
  A crocodile (D:10)
  Blork the orc (D:4)
  13 bullfrogs
  A wyvern zombie (D:10)
  A scorpion (D:13)
  Dowan (D:6)
  14 killer bees
  9 wights
  2 howler monkeys
  3 crimson imps
  3 quasits
  2 bullfrog zombies
  4 centaur zombies
  2 bullfrog skeletons
  5 orc priests
  4 hounds
  6 jellies
  8 orc wizards
  Natasha (thrice) (D:3)
  2 iguanas
  13 worker ants
  2 killer bee zombies
  A hound skeleton (D:10)
  A worker ant zombie (D:11)
  4 gnolls (D:4)
  11 adders
  A shadow imp (D:14)
  4 oozes
  3 worms
  A dart slug (D:4)
  7 leopard geckos
  35 orcs
  8 giant cockroaches
  7 goblins
  3 hobgoblins
  10 jackals
  16 kobolds
  3 quokkas
  3 ball pythons
  9 bats
  8 frilled lizards
  2 leopard gecko skeletons (D:4)
  2 quokka zombies
  8 rats
418 creatures vanquished.

Vanquished Creatures (others)
  4 fungi (D:8)
  2 plants (D:8)
6 creatures vanquished.

Grand Total: 424 creatures vanquished

Notes
Turn   | Place    | Note
-------+----------+-------------------------------------------
     0 | D:1      | JklonkHD the Minotaur Berserker began the quest for the
                  | Orb.
     0 | D:1      | Reached XP level 1. HP: 19/19 MP: 0/0
   525 | D:1      | Reached XP level 2. HP: 9/27 MP: 1/1
   634 | D:1      | Found a shattered altar of Ashenzari.
   961 | D:2      | Reached skill level 3 in Armour
  1180 | D:2      | Reached XP level 3. HP: 33/33 MP: 2/2
  1248 | D:2      | Found a shadowy altar of Dithmenos.
  1282 | D:2      | Reached ** piety under Trog
  1616 | D:3      | Noticed Natasha
  1622 | D:3      | Killed Natasha
  1649 | D:3      | Found a hazy altar of Hepliaklqana.
  1671 | D:3      | Noticed Natasha
  1678 | D:3      | Killed Natasha
  1678 | D:3      | Reached XP level 4. HP: 17/40 MP: 3/3
  1765 | D:3      | Noticed Natasha
  1770 | D:3      | Killed Natasha
  1770 | D:3      | Reached skill level 4 in Armour
  1834 | D:3      | Noticed Grinder
  1842 | D:3      | Paralysed by Grinder for 7 turns
  1859 | D:3      | HP: 1/40 [Grinder (3)]
  1860 | D:3      | Killed Grinder
  1860 | D:3      | Reached skill level 5 in Maces & Flails
  1860 | D:3      | Reached skill level 5 in Armour
  1860 | D:3      | Reached XP level 5. HP: 1/47 MP: 4/4
  1860 | D:3      | Reached XP level 6. HP: 2/53 MP: 5/5
  2053 | D:3      | Found a burning altar of Makhleb.
  2053 | D:3      | Found an ornate altar of the Wu Jian Council.
  2053 | D:3      | Found a glowing silver altar of Zin.
  2191 | D:3      | Found a glowing drain.
  2204 | Sewer    | Entered a sewer
  2387 | Sewer    | Reached *** piety under Trog
  2493 | Sewer    | Reached XP level 7. HP: 51/60 MP: 6/6
  2915 | D:4      | Noticed Blork the orc
  3083 | D:4      | Reached skill level 5 in Fighting
  3288 | D:4      | Reached skill level 6 in Armour
  3658 | D:4      | Killed Blork the orc
  3957 | D:5      | Entered Level 5 of the Dungeon
  4017 | D:5      | Noticed Prince Ribbit
  4030 | D:5      | Killed Prince Ribbit
  4030 | D:5      | Reached XP level 8. HP: 61/70 MP: 7/7
  4035 | D:5      | Reached skill level 5 in Dodging
  4036 | D:5      | Received a gift from Trog
  4403 | D:5      | Got a slimy rapier
  4404 | D:5      | Identified the +8 rapier of Joyful Slaughter {flame, MR+
                  | Str+4} (You found it on level 5 of the Dungeon)
  4427 | D:5      | Found a sparkling altar of Nemelex Xobeh.
  4428 | D:5      | Found a glowing golden altar of the Shining One.
  4670 | D:6      | Found a staircase to the Ecumenical Temple.
  4679 | D:6      | Got an ominously black robe
  4823 | D:6      | Reached skill level 1 in Short Blades
  4858 | D:6      | Noticed Dowan
  4858 | D:6      | Noticed Duvessa
  4861 | D:6      | Reached skill level 7 in Armour
  4866 | D:6      | Killed Dowan
  4871 | D:6      | Killed Duvessa
  4885 | D:6      | Identified the +2 robe of Eternity {Str+9 Dex+2} (You found
                  | it on level 6 of the Dungeon)
  5329 | D:6      | Found a shimmering altar of Xom.
  5341 | D:6      | Reached **** piety under Trog
  5493 | D:6      | Noticed Sigmund
  5501 | D:6      | Killed Sigmund
  5774 | D:6      | Reached XP level 9. HP: 71/79 MP: 8/8
  6137 | D:7      | Reached skill level 8 in Armour
  6248 | D:7      | Noticed Joseph
  6259 | D:7      | Killed Joseph
  6540 | D:7      | Found an iron altar of Okawaru.
  6632 | D:8      | Noticed a two-headed ogre
  6640 | D:8      | Killed a two-headed ogre
  6640 | D:8      | Reached skill level 5 in Short Blades
  6640 | D:8      | Reached skill level 9 in Armour
  6667 | D:8      | Found a staircase to the Lair.
  6685 | D:8      | Reached XP level 10. HP: 88/90 MP: 9/9
  6840 | D:8      | Found a stormy altar of Qazlal.
  6914 | D:8      | Found a bloodstained altar of Trog.
  7258 | D:9      | Reached ***** piety under Trog
  7389 | D:9      | Noticed a two-headed ogre
  7398 | D:9      | Killed a two-headed ogre
  7398 | D:9      | Reached skill level 10 in Armour
  7535 | D:9      | Noticed a two-headed ogre
  7536 | D:9      | Found a glowing silver altar of Zin.
  7545 | D:9      | Killed a two-headed ogre
  7803 | D:9      | Reached skill level 10 in Fighting
  7828 | D:9      | Found a radiant altar of Vehumet.
  7909 | D:10     | Entered Level 10 of the Dungeon
  7959 | D:10     | Received a gift from Trog
  8062 | D:10     | Noticed a two-headed ogre
  8067 | D:10     | Reached XP level 11. HP: 99/99 MP: 10/10
  8073 | D:10     | Killed a two-headed ogre
  8287 | D:10     | Found a staircase to the Orcish Mines.
  8787 | D:11     | Reached skill level 11 in Armour
  9139 | D:11     | Noticed a red ugly thing
  9156 | D:11     | Killed a red ugly thing
  9432 | D:11     | Noticed a four-headed hydra
  9435 | D:11     | Noticed a two-headed ogre
  9445 | D:11     | Killed a four-headed hydra
  9445 | D:11     | Reached skill level 10 in Short Blades
  9445 | D:11     | Reached skill level 10 in Dodging
  9448 | D:11     | Killed a two-headed ogre
  9707 | D:11     | Got a spiked scale mail
  9718 | D:11     | Identified the +4 scale mail of Oblivion {*Slow rPois
                  | Int+2} (You found it on level 11 of the Dungeon)
  9755 | D:11     | Found Bile Ehupnugh's Armour Boutique.
 10087 | D:12     | Found a white marble altar of Elyvilon.
 10290 | D:12     | Found a labyrinth entrance.
 10302 | Lab      | Entered a labyrinth
 10479 | Lab      | Noticed a minotaur
 10496 | Lab      | Killed a minotaur
 10496 | Lab      | Reached XP level 12. HP: 45/110 MP: 11/11
 11276 | D:13     | Received a gift from Trog
 11328 | D:13     | Got a bloodstained ring mail
 11329 | D:13     | Identified a scroll of acquirement
 11330 | D:13     | Identified the +7 ring mail of Quantum Leap {Int+4} (You
                  | found it on level 13 of the Dungeon)
 11332 | D:13     | Got a glittering lead amulet
 11333 | D:13     | Identified the amulet of Sibaorapn {rF+ rC++ Regen+ Str-5
                  | Dex-3} (You acquired it on level 13 of the Dungeon)
 11438 | D:13     | Reached skill level 12 in Armour
 11589 | D:13     | Noticed a centaur warrior
 11594 | D:13     | Killed a centaur warrior
 11919 | D:13     | Noticed a centaur warrior
 11926 | D:13     | Killed a centaur warrior
 12162 | D:14     | Noticed a centaur warrior
 12169 | D:14     | Killed a centaur warrior
 12253 | D:14     | Noticed a tengu warrior
 12296 | D:14     | Killed a tengu warrior
 12384 | D:14     | Noticed a frost giant
 12393 | D:14     | Reached XP level 13. HP: 119/119 MP: 12/12
 12401 | D:14     | Killed a frost giant
 12401 | D:14     | Reached skill level 13 in Armour
 12654 | D:14     | Got a pair of jewelled boots
 12665 | D:14     | Identified the cursed +0 pair of boots of Imperfection
                  | {*Contam SInv Stlth+} (You found it on level 14 of the
                  | Dungeon)
 12681 | D:14     | Gained mutation: You are frail. (-10% HP) [mutagenic glow]
 12796 | D:14     | Lost mutation: You are frail. (-10% HP) [potion of
                  | mutation]
 12796 | D:14     | Gained mutation: You expend magic power (3 MP) to
                  | strengthen your wands. [potion of mutation]
 12796 | D:14     | Gained mutation: You are dopey. (Int -2) [potion of
                  | mutation]
 12796 | D:14     | Gained mutation: Your magical capacity is low. (-10% MP)
                  | [potion of mutation]
 12796 | D:14     | Gained mutation: You have a pair of large horns on your
                  | head. [potion of mutation]
 12797 | D:14     | Lost mutation: You are dopey. (Int -2) [potion of mutation]
 12797 | D:14     | Lost mutation: Your magical capacity is low. (-10% MP)
                  | [potion of mutation]
 12797 | D:14     | Gained mutation: Your muscles are strong. (Str +2) [potion
                  | of mutation]
 12797 | D:14     | Gained mutation: Your skin changes colour to match your
                  | surroundings (Stealth+). [potion of mutation]
 13131 | D:14     | Found a gate to the Vaults.
 13147 | D:14     | Reached ****** piety under Trog
 13634 | D:15     | Entered Level 15 of the Dungeon
 13634 | D:15     | Found a staircase to the Depths.
 13646 | D:15     | Received a gift from Trog
 13664 | D:15     | Reached skill level 14 in Armour
 13691 | D:15     | HP: 6/123 [centaur warrior/arrow (18)]
 13693 | D:15     | Shot with an arrow by a centaur warrior

Vault maps used:
D:1:      dpeg_arrival_tiny_j, hangedman_decor_opposing, kennysheep_flooded_box
D:2:      nicolae_dithmenos_through_a_glass_darkly
D:3:      nicolae_overflow_crystal_walls,
          chequers_temple_overflow_statue_of_worship, portal_sewer_entry_b,
          minmay_misc_feat_columns, uniq_grinder, uniq_natasha
D:4:      first_ration, grunt_ministairs_7, uniq_blork_the_orc
D:5:      minitemple, uniq_prince_ribbit1
D:6:      lemuel_crystal_altar, minmay_temple_entry_from_below_a, uniq_duvessa,
          uniq_sigmund
D:7:      lemuel_crystal_altar, kennysheep_donut, the_bakery, uniq_joseph
D:8:      bloody_trog, nicolae_qazlal_style_of_elements,
          due_lair_maze_entry_diamond
D:9:      kennysheep_mini_moat, basic_altar
D:10:     minmay_distorted_concentric_squares, david_orc_3
D:11:     serial_shops, shop
D:12:     serial_column_ruins, column_ruins_circle_medium,
          column_ruins_temple_circle, column_ruins_grid_4,
          column_ruins_columns_corner, column_ruins_columns_dead_end,
          column_ruins_open_small, column_ruins_open_small,
          column_ruins_open_tiny, lab_entry_generic
D:14:     minmay_coctagon, grunt_vaults_entry_tiered,
          chequers_serial_rivers_micro_c
D:15:     gammafunk_depths_entry_grave, minivault_27
Lab:      nicolae_lab_dead_adventurers
Sewer:    kennysheep_pipe_town

Skill      XL: |  1  2  3  4  5  6  7  8  9 10 11 12 13 |
---------------+----------------------------------------+-----
Maces & Flails | 4 5 6 7 |  7.6
Armour         | 3 5 6 7 9 10 11 12 14 | 14.0
Fighting       | 4 5 7 8 10 11 12 13 | 13.7
Dodging        | 3 4 6 7 9 10 11 12 | 12.6
Short Blades   | 3 5 8 10 12 13 | 13.2
Stealth        | |  0.4

Action                   |  1- 3 |  4- 6 |  7- 9 | 10-12 | 13-15 || total
-------------------------+-------+-------+-------+-------+-------++-------
Melee: Whip              |    96 |   100 |    90 |       |       ||   286
       Headbutt          |    14 |    24 |    48 |   109 |    48 ||   243
       Flail             |       |       |    30 |       |       ||    30
       Rapier            |       |       |    87 |   415 |   162 ||   664
       Quick blade       |       |       |       |    34 |       ||    34
Invok: Berserk           |       |     1 |     2 |    10 |     2 ||    15
  Use: Scroll            |     8 |       |     9 |    12 |     6 ||    35
       Potion            |       |     1 |     4 |     4 |     8 ||    17
 Stab: Sleeping          |       |       |     1 |     3 |     1 ||     5
  Eat: Chunk             |     2 |     4 |     9 |    19 |    17 ||    51
       Ration            |       |       |     2 |     3 |     1 ||     6
Armor: Ring mail         |    37 |    62 |    25 |       |       ||   124
       Scale mail        |       |       |    54 |       |       ||    54
       Robe              |       |       |    18 |   111 |    27 ||   156
       Skin              |       |       |       |     6 |    16 ||    22
Dodge: Dodged            |    52 |    82 |   165 |   450 |   139 ||   888
Block: Buckler           |       |       |       |     3 |    30 ||    33

Table legend:
 A = Non-vault XP
 B = Vault XP
 C = Vault XP percentage of total XP
 D = Non-vault monster count
 E = Vault monster count
 F = Vault count percentage of total count
                 A         B        C        D         E       F
            +---------+---------+-------+---------+---------+-------
      Total |   38057 |   23147 |  37.8 |     319 |      99 |  23.7
            +---------+---------+-------+---------+---------+-------
        D:1 |      14 |       0 |   0.0 |      10 |       0 |   0.0
        D:2 |      35 |       0 |   0.0 |      21 |       0 |   0.0
        D:3 |     109 |     312 |  74.1 |      15 |       4 |  21.1
        D:4 |     294 |     104 |  26.1 |      29 |       2 |   6.5
        D:5 |     131 |     277 |  67.9 |       5 |       1 |  16.7
        D:6 |     804 |     436 |  35.2 |      18 |       3 |  14.3
        D:7 |     405 |     713 |  63.8 |      14 |       2 |  12.5
        D:8 |    2232 |    1205 |  35.1 |      20 |       8 |  28.6
        D:9 |    2665 |       0 |   0.0 |      16 |       0 |   0.0
       D:10 |    1786 |    2018 |  53.0 |      24 |      13 |  35.1
       D:11 |    6601 |       0 |   0.0 |      50 |       0 |   0.0
       D:12 |    2162 |       0 |   0.0 |      21 |       0 |   0.0
       D:13 |    9630 |       0 |   0.0 |      40 |       0 |   0.0
       D:14 |    9369 |   11901 |  56.0 |      32 |      33 |  50.8
       D:15 |    1820 |    4613 |  71.7 |       4 |       8 |  66.7
        Lab |       0 |    1231 | 100.0 |       0 |       1 | 100.0
      Sewer |       0 |     337 | 100.0 |       0 |      24 | 100.0
            +---------+---------+-------+---------+---------+-------
